 Dungeon Crawl Stone Soup version 0.30-a0-739-gea05faddec (webtiles) character file.

Game seed: 12013505637037411598

141 jimonade the Magician (level 5, -2/35 HPs)
             Began as a Djinni Hedge Wizard on Feb 4, 2023.
             Slain by a gnoll
             ... wielding a +0 spear
              (9 damage)
             ... on level 4 of the Dungeon.
             The game lasted 00:07:18 (2545 turns).

jimonade the Magician (Djinni Hedge Wizard)         Turns: 2545, Time: 00:07:19

Health: -2/35      AC:  3    Str: 11    XL:     5   Next: 48%
Gold:   144        EV: 12    Int: 15    God:
                   SH:  0    Dex: 13

rFire   + + .      SeeInvis .    a - +2 dagger (pain)
rCold   x . .      Faith    .    (no shield)
rNeg    . . .      Spirit   .    g - +0 leather armour
rPois   ∞          Reflect  .    c - +0 hat
rElec   .          Harm     .    (no cloak)
rCorr   .          Rampage  .    (no gloves)
Will    .....                    (boots unavailable)
Stlth   ++                       (no amulet)
HPRegen 0.25/turn                q - +4 ring of slaying
MPRegen 0.00/turn                (no ring)

@: flying
A: sickness immunity, fire resistance 2, cold vulnerability 1, float, innate
caster, HP casting, extra vitality 1
a: no special abilities


You were on level 4 of the Dungeon.
You visited 1 branch of the dungeon, and saw 4 of its levels.

You collected 144 gold pieces.

Inventory:

Hand Weapons
 a - a +2 dagger of pain (weapon)
 i - a +0 dagger
 v - a +0 rapier
Armour
 b - a +0 robe
 c - a +0 hat (worn)
 g - a +0 leather armour (worn)
 o - a +0 kite shield
 t - a +0 chain mail
 u - a +0 ring mail
Jewellery
 q - a +4 ring of slaying (left hand)
Scrolls
 f - a scroll of silence {unknown}
 h - 3 scrolls of teleportation {unknown}
 j - 2 scrolls of fog {unknown}
 k - 3 scrolls of identify {unknown}
 n - a scroll of immolation {unknown}
 s - a scroll of blinking {unknown}
 w - a scroll of magic mapping {unknown}
 x - a scroll of enchant weapon {unknown}
Potions
 d - a potion of magic
 e - 2 potions of curing {unknown}
 l - a potion of cancellation {unknown}
 m - a potion of flight {unknown}
 p - a potion of attraction {unknown}
 r - a potion of mutation {unknown}


   Skills:
 + Level 0.8 Short Blades
 + Level 2.3 Dodging
 - Level 1.5 Stealth
 * Level 4.2 Spellcasting


You couldn't memorise any spells.
You knew the following spells:

 Your Spells              Type           Power      Damage    Failure   Level
a - Magic Dart            Conj           64%        1d6       4%          1
b - Slow                  Hex            64%        N/A       4%          1
c - Blink                 Tloc           32%        N/A       6%          2
d - Call Imp              Summ           16%        N/A       6%          2
e - Mephitic Cloud        Conj/Pois/Air  16%        N/A       12%         3
f - Necrotise             Necr           64%        1d7       4%          1
g - Wereblood             Tmut           16%        N/A       6%          2
Your spell library was empty.

Dungeon Overview and Level Annotations

Branches:
Dungeon (4/15)
 Temple: D:4-7

Altars:

Annotations:
D:4 Grinder


Innate Abilities, Weirdness & Mutations

You are immune to sickness and miasma.
You are immune to poison.
Your flesh is very heat resistant. (rF++)
You are vulnerable to cold. (rC-)
You float through the air rather than walking.
You learn spells naturally, not from books.
Your magical power is your life essence.
You have superior vitality. (+4 MHP)


Message History

Confirm with . or Enter, or press ? or * to list all spells.
Aiming: Slow (safe; 4% risk of failure)
Press: ? - help, Shift-Dir - straight line, f - Grinder, p - gnoll
Aim: Grinder (chance to affect: 50%) Grinder seems to slow down.
The gnoll misses Grinder.
You hit the ball python.
You kill the ball python!
Grinder gestures at you. You resist with significant effort.
Grinder drinks a potion.
Grinder seems to grow stronger.
You see here a ball python corpse.
Found a stone staircase leading down.
You barely miss Grinder. Grinder barely misses you.
You hit Grinder.
Grinder is lightly wounded.
Grinder hits you but does no damage.
You hit Grinder.
Grinder is lightly wounded.
The gnoll hits you with a +0 spear.
You barely miss Grinder.
Grinder is lightly wounded.
The gnoll hits you with a +0 spear. Grinder gestures at you.
You resist with significant effort.
You closely miss Grinder.
Grinder is lightly wounded.
The gnoll misses you.
The gnoll hits itself with a +0 spear.
The gnoll hits you with a +0 spear. Grinder hits you!
You writhe in agony.
You hit Grinder.
Grinder is lightly wounded.
The gnoll hits you with a +0 spear.
* * * LOW HITPOINT WARNING * * *
You hit Grinder.
Grinder is moderately wounded.
The gnoll barely misses Grinder.
The gnoll barely misses you.
The gnoll hits itself with a +0 spear.
Grinder hits you but does no damage.
You puncture Grinder!
Grinder is heavily wounded.
Grinder is no longer moving slowly.
The gnoll hits you with a +0 spear!
You die...

#....##.# #
######....##.#
##.##..........#.#
...............#.#
...............#.#
...............#.#
.
##.##...........<#
...
############g##...#
.......@5..#
#####..g..##
#....)# #...g.#
#.....# #.....#
......# ..>.....


You could see Grinder (strong) and 3 gnolls.

Vanquished Creatures
  Jessica (D:3)
  4 gnolls (D:2)
  2 dart slugs
  An orc (D:3)
  7 ball pythons
  3 bats
  4 endoplasms
  2 giant cockroaches (D:1)
  8 hobgoblins
  3 jackals (D:1)
  4 quokkas
  6 frilled lizards
  7 goblins
  6 kobolds
  6 rats
64 creatures vanquished.

Vanquished Creatures (collateral kills)
  A ball python (D:2)
  A bat (D:2)
2 creatures vanquished.

Grand Total: 66 creatures vanquished

Notes
Turn   | Place    | Note
-------+----------+-------------------------------------------
     0 | D:1      | jimonade the Djinni Hedge Wizard began the quest for the
                  | Orb.
     0 | D:1      | jimonade set off with the following spells memorised: Magic
                  | Dart, Slow, Blink, Call Imp, Mephitic Cloud.
     0 | D:1      | Reached XP level 1. HP: 15/15 MP: 0/0
    95 | D:1      | Reached XP level 2. HP: 20/21 MP: 0/0
   161 | D:1      | Reached skill level 3 in Spellcasting
   322 | D:1      | Reached XP level 3. HP: 22/25 MP: 0/0
   322 | D:1      | Learned a level 1 spell: Necrotise
   843 | D:2      | Reached XP level 4. HP: 25/31 MP: 0/0
  1329 | D:2      | Reached skill level 4 in Spellcasting
  1403 | D:2      | Reached XP level 5. HP: 35/35 MP: 0/0
  1403 | D:2      | Learned a level 2 spell: Wereblood
  2197 | D:3      | Noticed Jessica
  2208 | D:3      | Killed Jessica
  2527 | D:4      | Noticed Grinder
  2529 | D:4      | Paralysed by Grinder for 2 turns
  2545 | D:4      | Slain by a gnoll

Illustrated notes

Levels and vault maps discovered:
D:1:      onia_arrival_handbag, layout_basic, serial_park_tiny_pond
D:2:      minmay_angry_zag, layout_basic, serial_glass, glass_columns_b,
          glass_columns_b, minmay_misc_feat_hallway
D:3:      layout_basic, hangedman_decor_points, lemuel_flame_loot_1,
          uniq_jessica
D:4:      layout_basic, kennysheep_mini_moat, uniq_grinder

Skill      XL: |  1  2  3  4 |
---------------+-------------+-----
Spellcasting   | 3 4 |  4.2
Short Blades   | |  0.8
Dodging        | |  2.3
Stealth        | |  1.5

Action                     |  1- 3 |  4- 6 || total
---------------------------+-------+-------++-------
  Melee: Dagger            |       |    53 ||    53
         Punch             |       |     1 ||     1
   Cast: Magic Dart        |    65 |    22 ||    87
         Necrotise         |    15 |     9 ||    24
         Mephitic Cloud    |     1 |     6 ||     7
         Slow              |       |     1 ||     1
   Stab: Confused          |       |     2 ||     2
         Sleeping          |       |     1 ||     1
 Armour: Robe              |     3 |     7 ||    10
         Leather armour    |       |     6 ||     6
  Dodge: Dodged            |    14 |    27 ||    41

Table legend: (Time is in decaauts)
 A = Elapsed time spent in this place.
 B = Non-inter-level travel time spent in this place.
 C = Inter-level travel time spent in this place.
 D = Time resting spent in this place.
 E = Time spent auto-exploring this place.
 F = Levels seen in this place.
 G = Mean time per level.
                   A        B        C        D        E       F      G
               +--------+--------+--------+--------+--------+-----+--------+
         Total |   2545 |   2369 |    176 |    201 |   1686 |   4 |  636.2 |
       Dungeon |   2545 |   2369 |    176 |    201 |   1686 |   4 |  636.2 |
               +--------+--------+--------+--------+--------+-----+--------+

Top non-repeatable levels by time:
     D:2: 1053 daAuts
     D:1: 968 daAuts
     D:3: 455 daAuts
     D:4: 68 daAuts
